Construct Infanterie Kompanie
Selects Luftwaffe Battlegroup
Selects Luftwaffe Pioneer Support
Fallschirmpioneer Squad Paradrop
Selects Stuka Strafing Run
Fallschirmpioneer Squad Paradrop
Construct Luftwaffe Kompanie
Fallschirmpioneer Squad Paradrop
Selects LG40 Recoilless Gun Paradrop
Luftwaffe Officer Quarters
Construct Panzer Kompanie
Selects Fallschirmjäger Squad Paradrop
Construct Panzergrenadier Kompanie
Selects Flak 36 Anti-tank Gun Emplacement